 Dungeon Crawl Stone Soup version 0.18.1-50-g88ac8fd (webtiles) character file.

74 spiff the Insei (level 4, -1/21 HPs)
             Began as a Vine Stalker Transmuter on Sept 28, 2016.
             Slain by an adder (2 damage)
             ... on level 2 of the Dungeon.
             The game lasted 00:04:06 (1280 turns).

spiff the Insei (Vine Stalker Transmuter)           Turns: 1280, Time: 00:04:07

Health: -1/21      AC:  3    Str: 18    XL:     4   Next: 30%
Magic:  0/8        EV: 12    Int: 17    God:
Gold:   42         SH:  0    Dex: 18    Spells: 2 memorised, 3 levels left

rFire  . . .     SeeInvis .       - Unarmed
rCold  . . .     Gourm    .     b - +0 robe
rNeg   . . .     Faith    .     (no shield)
rPois  .         Spirit   +     (no helmet)
rElec  .         Dismiss  .     (no cloak)
rCorr  .         Reflect  .     (no gloves)
SustAt .         Harm     .     q - +0 pair of boots
MR     .....                    (no amulet)
Stlth  ++........               n - +4 ring of intelligence
                                i - +3 ring of dexterity

@: mighty, lethally poisoned (-1 -> -2), not resistant to hostile enchantments,
unstealthy
A: fangs 2, regeneration 1, magic shield, antimagic bite, no device heal 3, rot
immunity
a: no special abilities


You were on level 2 of the Dungeon.
You were not hungry.

You visited 1 branch of the dungeon, and saw 2 of its levels.

You collected 42 gold pieces.

Inventory:

Missiles
 a - 12 arrows
Armour
 b - a +0 robe (worn)
 q - a +0 pair of boots (worn)
Jewellery
 i - a +3 ring of dexterity (left hand)
 n - a +4 ring of intelligence (right hand)
Scrolls
 e - 4 scrolls of teleportation {unknown}
 k - 2 scrolls of remove curse {unknown}
 m - 2 scrolls of identify {unknown}
 p - a scroll of magic mapping {unknown}
Potions
 g - a potion of curing {unknown}
 h - a potion of cure mutation {unknown}
 l - a potion of might
 o - 2 potions of brilliance {unknown}
Books
 c - a book of Changes

   Spells                             Type                      Level
   a - Beastly Appendage              Transmutation                1
   b - Sticks to Snakes               Transmutation                2
   c - Spider Form                    Transmutation/Poison         3
   d - Ice Form                       Ice/Transmutation            4
   e - Blade Hands                    Transmutation                5
Comestibles
 d - a bread ration
 f - 8 chunks of flesh
 j - 3 fruits


   Skills:
 - Level 0.8 Fighting
 - Level 1.5 Dodging
 - Level 4.1 Unarmed Combat
 - Level 2.1 Spellcasting
 + Level 3.3 Transmutations


You had 3 spell levels left.
You knew the following spells:

 Your Spells              Type           Power        Failure   Level  Hunger
a - Beastly Appendage     Trmt           ##....       6%          1    #......
q - Spider Form           Trmt/Pois      #.........   30%         3    ###....


Dungeon Overview and Level Annotations

Branches:
Dungeon (2/15)

Altars:


Innate Abilities, Weirdness & Mutations

You have extremely sharp teeth.
Your natural rate of healing is unusually fast.
When hurt, damage is shared between your health and your magic reserves.
Your bite disrupts and absorbs the magic of your enemies.
Potions and wands cannot restore your health.
You are immune to rotting.


Message History

The jackal bites you but does no damage.
The jackal bites you. The hobgoblin hits you with a club.
* * * LOW HITPOINT WARNING * * *
The adder bites you.
* * * LOW HITPOINT WARNING * * *
The jackal bites you but does no damage.
You hit the adder. You bite the adder, but do no damage.
The adder is severely wounded.
You feel sick. The jackal barely misses you.
The adder bites you but does no damage. The jackal bites you.
* * * LOW HITPOINT WARNING * * *
The hobgoblin misses you.
Drink which item? (? for menu, Esc to quit)
It was a potion of might.
You feel very mighty all of a sudden. The jackal bites you.
* * * LOW HITPOINT WARNING * * *
The jackal bites you but does no damage.
The adder bites you.
You die...

.........#. .........
##.......... ........#.
#...?..%....
........#.#.#...........
........#...............
.............#..........
.............#..........
.<..............Sg....(.
#รท##.###.#.##...@h......
.....#...........h......
#.........#.###.########
.....#......# #..##
.......###..# ##..##
....#.#....######..#
..###.........#
##.###########
.......####.#.#
#...........#
....#######.#.#
##..........#


You could see an adder, 2 jackals and a hobgoblin.

Vanquished Creatures
  A gnoll (D:2)
  2 adders (D:2)
  A worm (D:2)
  A dart slug (D:1)
  2 giant geckos (D:2)
  An orc (D:2)
  3 ball pythons
  3 giant cockroaches
  7 goblins
  3 hobgoblins (D:1)
  A jackal (D:2)
  2 quokkas
  3 bats
  2 giant newts
  2 kobolds
  3 rats (D:2)
37 creatures vanquished.

Notes
Turn   | Place    | Note
--------------------------------------------------------------
     0 | D:1      | spiff the Vine Stalker Transmuter began the quest for the Orb.
     0 | D:1      | Reached XP level 1. HP: 9/9 MP: 4/4
   142 | D:1      | Reached XP level 2. HP: 5/14 MP: 3/6
   666 | D:2      | Reached skill level 4 in Unarmed Combat
   682 | D:2      | Reached XP level 3. HP: 16/17 MP: 7/7
   790 | D:2      | Learned a level 3 spell: Spider Form
  1092 | D:2      | Reached XP level 4. HP: 21/21 MP: 8/8
  1280 | D:2      | HP: 1/21 [jackal (1)]
  1280 | D:2      | Slain by an adder

Skill      XL: |  1  2  3 |
---------------+----------+-----
Unarmed Combat | 4 |  4.1
Transmutations | 3 |  3.3
Fighting       | |  0.8
Dodging        | |  1.5
Spellcasting   | |  2.1

Action                   |  1- 3 |  4- 6 || total
-------------------------+-------+-------++-------
Melee: Unarmed           |    82 |    23 ||   105
       Bite              |    19 |     4 ||    23
       Kick              |     4 |       ||     4
       Headbutt          |     5 |       ||     5
 Cast: Beastly Appendage |    11 |       ||    11
       Spider Form       |     4 |     2 ||     6
  Use: Potion            |       |     1 ||     1
 Stab: Sleeping          |     2 |     1 ||     3
  Eat: Chunk             |     1 |     1 ||     2
Armor: Robe              |     8 |     5 ||    13
       Skin              |       |     3 ||     3
Dodge: Dodged            |    37 |    31 ||    68
